General information
- name: BNet
- type: Ladder team game (AT/RT)
- host: Battle.net
- saver: MamasSpecialBoy
map: MarketSquare
- players: 8
- length: 17:59
- speed: Fast
- version: 1.28 W3XP
- replay type: Public
» download(155 KB)
Players
team 1 (loser)
|c007EBFF1Kev (
pink | 65 APM | 953 actions | 14:41)
3 Priestess of the Moon
1 Searing Arrows
2 Trueshot Aura
1 Keeper of the Grove
1 Entangling Roots
» actions
| Basic commands | 20 | |
| Build / train | 46 | |
| ESC pressed | 2 | |
| Enter build submenu | 12 | |
| Enter hero's abilities submenu | 4 | |
| Right click | 560 | |
| Select / deselect | 276 | |
| Use ability | 33 | |
953 total
» units
» upgrades
| Strength of the Moon | 1 | |
| Moon Armor | 1 | |
2 total
» buildings
| Altar of Elders | 1 | |
| Moon Well | 4 | |
| Hunter's Hall | 1 | |
| Ancient of War | 2 | |
| Tree of Ages | 2 | |
| Ancient of Lore | 1 | |
11 total
» build order
00:08 Altar of Elders
00:26 Moon Well
01:32 Hunter's Hall
01:44 Ancient of War
02:09 Moon Well
02:24 Ancient of War
03:05 Moon Well
05:44 Tree of Ages
05:44 Tree of Ages
06:17 Moon Well
09:43 Ancient of Lore

»
gTe[Phantom] (
green | 39 APM | 671 actions | 17:09)
3 Blademaster
2 Wind Walk
1 Critical Strike
1 Shadow Hunter
1 Healing Wave
» actions
| Assign group hotkey | 11 | |
| Build / train | 55 | |
| Enter build submenu | 14 | |
| Enter hero's abilities submenu | 4 | |
| Remove unit from queue | 1 | |
| Right click | 191 | |
| Select / deselect | 182 | |
| Select group hotkey | 158 | |
| Use ability | 55 | |
671 total
» units
| Peon | 7 | |
| Grunt | 9 | |
| Shaman | 4 | |
| Kodo Beast | 1 | |
| Raider | 1 | |
| Tauren | 1 | |
23 total
» upgrades
| Melee Weapons | 2 | |
| Armor | 1 | |
| Shaman Training | 2 | |
| War Drums Damage Increase | 1 | |
6 total
» buildings
| Altar of Storms | 1 | |
| Orc Burrow | 5 | |
| Barracks | 1 | |
| Voodoo Lounge | 1 | |
| War Mill | 1 | |
| Stronghold | 2 | |
| Spirit Lodge | 1 | |
| Fortress | 2 | |
| Beastiary | 1 | |
| Tauren Totem | 1 | |
16 total
» build order
00:13 Altar of Storms
00:21 Orc Burrow
00:46 Barracks
01:38 Voodoo Lounge
01:59 Orc Burrow
03:22 War Mill
05:29 Stronghold
05:29 Stronghold
05:34 Orc Burrow
07:42 Orc Burrow
09:19 Spirit Lodge
09:22 Fortress
09:22 Fortress
11:35 Orc Burrow
11:42 Beastiary
12:32 Tauren Totem
» items
| Lesser Clarity Potion | 7 | |
| Healing Salve | 4 | |
| Scroll of Town Portal | 2 | |
| Orb of Lightning | 1 | |
14 total

»
TrumpTrain69 (
red | 51 APM | 732 actions | 14:14)
3 Blademaster
2 Critical Strike
1 Wind Walk
» actions
| Assign group hotkey | 11 | |
| Basic commands | 3 | |
| Build / train | 30 | |
| Enter build submenu | 27 | |
| Enter hero's abilities submenu | 3 | |
| Remove unit from queue | 1 | |
| Right click | 321 | |
| Select / deselect | 220 | |
| Select group hotkey | 65 | |
| Use ability | 51 | |
732 total
» units
| Peon | 7 | |
| Grunt | 12 | |
| Troll Headhunter/Berserker | 1 | |
20 total
» upgrades
» buildings
| Barracks | 1 | |
| Orc Burrow | 4 | |
| Altar of Storms | 2 | |
| Voodoo Lounge | 1 | |
| War Mill | 1 | |
| Stronghold | 1 | |
| Watch Tower | 14 | |
24 total
» build order
00:15 Barracks
00:20 Orc Burrow
00:33 Altar of Storms
01:46 Orc Burrow
01:52 Voodoo Lounge
02:17 Orc Burrow
03:13 War Mill
03:50 Orc Burrow
07:09 Stronghold
08:32 Watch Tower
08:34 Watch Tower
09:26 Altar of Storms
09:41 Watch Tower
10:03 Watch Tower
10:16 Watch Tower
10:19 Watch Tower
10:59 Watch Tower
11:12 Watch Tower
11:29 Watch Tower
11:39 Watch Tower
11:43 Watch Tower
11:46 Watch Tower
11:54 Watch Tower
12:15 Watch Tower
» items
| Healing Salve | 2 | |
| Scroll of Speed | 1 | |
3 total
Kevinusko (
yellow | 51 APM | 922 actions | 17:58)
3 Demon Hunter
1 Immolation
1 Mana Burn
1 Evasion
» actions
| Assign group hotkey | 3 | |
| Build / train | 45 | |
| Enter build submenu | 16 | |
| Enter hero's abilities submenu | 3 | |
| Remove unit from queue | 2 | |
| Right click | 604 | |
| Select / deselect | 197 | |
| Select group hotkey | 20 | |
| Use ability | 32 | |
922 total
» units
| Wisp | 14 | |
| Archer | 9 | |
| Huntress | 6 | |
| Hippogryph | 3 | |
32 total
» upgrades
| Strength of the Wild | 2 | |
| Reinforced Hides | 2 | |
4 total
» buildings
| Altar of Elders | 1 | |
| Ancient of War | 1 | |
| Moon Well | 7 | |
| Ancient of Wonders | 1 | |
| Hunter's Hall | 1 | |
| Tree of Ages | 1 | |
| Tree of Eternity | 1 | |
| Ancient of Wind | 2 | |
| Chimaera Roost | 2 | |
17 total
» build order
00:25 Altar of Elders
00:34 Ancient of War
00:44 Moon Well
03:16 Moon Well
04:59 Ancient of Wonders
05:12 Moon Well
05:45 Hunter's Hall
07:11 Tree of Ages
08:14 Moon Well
09:16 Moon Well
09:37 Tree of Eternity
09:40 Ancient of Wind
09:45 Ancient of Wind
10:47 Moon Well
14:04 Chimaera Roost
14:09 Chimaera Roost
14:39 Moon Well
» items
team 2 (winner)
810123 (
orange | 64 APM | 302 actions | 04:42)
1 Death Knight
1 Death Coil
» actions
| Assign group hotkey | 37 | |
| Build / train | 23 | |
| Enter build submenu | 6 | |
| Enter hero's abilities submenu | 1 | |
| Right click | 169 | |
| Select / deselect | 52 | |
| Select group hotkey | 1 | |
| Use ability | 13 | |
302 total
» units
| Acolyte | 2 | |
| Ghoul | 5 | |
| Crypt Fiend | 6 | |
13 total
» buildings
| Altar of Darkness | 1 | |
| Ziggurat | 2 | |
| Crypt | 1 | |
| Graveyard | 1 | |
| Tomb of Relics | 1 | |
| Nerubian Tower | 3 | |
| Halls of the Dead | 2 | |
11 total
» build order
00:08 Altar of Darkness
00:09 Ziggurat
00:38 Crypt
00:58 Graveyard
01:16 Tomb of Relics
01:29 Ziggurat
02:03 Nerubian Tower
02:03 Nerubian Tower
04:09 Halls of the Dead
04:09 Halls of the Dead
» items
MamasSpecialBoy (
teal | 73 APM | 1312 actions | 17:59)
7 Death Knight
3 Unholy Aura
2 Death Coil
1 Animate Dead
1 Death Pact
» actions
| Assign group hotkey | 20 | |
| Basic commands | 76 | |
| Build / train | 66 | |
| Enter build submenu | 26 | |
| Enter hero's abilities submenu | 7 | |
| Give item / drop item | 1 | |
| Right click | 614 | |
| Select / deselect | 346 | |
| Select group hotkey | 59 | |
| Use ability | 97 | |
1312 total
» units
| Peasant | 16 | |
| Acolyte | 2 | |
| Crypt Fiend | 8 | |
26 total
» upgrades
| Masonry | 1 | |
| Burrow | 1 | |
| Web | 1 | |
| Creature Attack | 2 | |
| Creature Carapace | 4 | |
9 total
» buildings
| Farm | 11 | |
| Scout Tower | 13 | |
| Lumber Mill | 1 | |
| Arcane Tower | 2 | |
| Keep | 1 | |
| Guard Tower | 2 | |
| Spirit Tower | 2 | |
| Ziggurat | 2 | |
| Black Citadel | 1 | |
| Altar of Kings | 1 | |
36 total
» build order
00:44 Farm
00:46 Scout Tower
00:51 Farm
00:52 Farm
00:52 Farm
01:02 Farm
01:02 Farm
01:04 Farm
01:06 Farm
01:11 Lumber Mill
01:17 Arcane Tower
01:54 Scout Tower
02:03 Farm
02:08 Farm
02:16 Farm
02:47 Arcane Tower
04:10 Keep
04:25 Scout Tower
04:38 Scout Tower
04:39 Scout Tower
04:43 Scout Tower
04:44 Scout Tower
04:49 Scout Tower
04:50 Scout Tower
04:52 Scout Tower
04:52 Scout Tower
04:54 Scout Tower
04:55 Scout Tower
05:16 Guard Tower
06:28 Spirit Tower
08:20 Guard Tower
09:18 Ziggurat
09:19 Ziggurat
11:48 Black Citadel
15:19 Spirit Tower
16:44 Altar of Kings
» items
| Potion of Healing | 5 | |
| Potion of Mana | 4 | |
| Dust of Appearance | 3 | |
| Scroll of Town Portal | 2 | |
| Rod of Necromancy | 2 | |
16 total
fibrillation (
purple | 36 APM | 645 actions | 17:58)
4 Demon Hunter
2 Evasion
2 Mana Burn
3 Beastmaster
2 Summon Hawk
1 Summon Quilbeast
» actions
| Assign group hotkey | 19 | |
| Basic commands | 7 | |
| Build / train | 41 | |
| Enter build submenu | 15 | |
| Enter hero's abilities submenu | 7 | |
| Remove unit from queue | 1 | |
| Right click | 256 | |
| Select / deselect | 157 | |
| Select group hotkey | 106 | |
| Use ability | 36 | |
645 total
» units
| Wisp | 11 | |
| Huntress | 9 | |
| Druid of the Talon | 4 | |
24 total
» upgrades
| Ultravision | 1 | |
| Druid of the Talon Training | 1 | |
| Strength of the Wild | 2 | |
4 total
» buildings
| Altar of Elders | 1 | |
| Moon Well | 6 | |
| Hunter's Hall | 1 | |
| Ancient of War | 2 | |
| Ancient of Wonders | 1 | |
| Tree of Ages | 1 | |
| Ancient of Wind | 2 | |
| Tree of Eternity | 1 | |
| Tree of Life | 1 | |
16 total
» build order
00:24 Altar of Elders
00:40 Moon Well
01:57 Hunter's Hall
02:12 Ancient of War
02:16 Ancient of War
02:29 Moon Well
03:40 Ancient of Wonders
04:15 Tree of Ages
04:33 Moon Well
06:06 Moon Well
07:22 Ancient of Wind
07:29 Ancient of Wind
08:06 Moon Well
09:51 Moon Well
13:41 Tree of Eternity
16:05 Tree of Life
» items

»
BeastOfTheEast_ (
blue | 45 APM | 806 actions | 17:58)
5 Blademaster
2 Wind Walk
3 Critical Strike
» actions
| Assign group hotkey | 12 | |
| Basic commands | 17 | |
| Build / train | 51 | |
| Enter build submenu | 13 | |
| Enter hero's abilities submenu | 6 | |
| Remove unit from queue | 2 | |
| Right click | 408 | |
| Select / deselect | 168 | |
| Select group hotkey | 76 | |
| Use ability | 53 | |
806 total
» units
| Peon | 5 | |
| Grunt | 11 | |
| Crypt Fiend | 2 | |
| Troll Headhunter/Berserker | 5 | |
| Shaman | 3 | |
26 total
» upgrades
| Pillage | 1 | |
| Melee Weapons | 2 | |
| Creature Attack | 1 | |
| Armor | 1 | |
| Spiked Barricades | 1 | |
| Berserker Strength | 1 | |
| Shaman Training | 2 | |
| Troll Regeneration | 1 | |
| Berserker Upgrade | 1 | |
11 total
» buildings
| Altar of Storms | 1 | |
| Orc Burrow | 6 | |
| Barracks | 1 | |
| War Mill | 1 | |
| Voodoo Lounge | 1 | |
| Crypt | 1 | |
| Stronghold | 1 | |
| Spirit Lodge | 1 | |
| Fortress | 1 | |
| Ziggurat | 1 | |
15 total
» build order
00:14 Altar of Storms
00:20 Orc Burrow
00:52 Barracks
01:39 Orc Burrow
01:58 War Mill
02:51 Orc Burrow
03:03 Voodoo Lounge
04:58 Crypt
07:53 Orc Burrow
09:57 Stronghold
11:07 Orc Burrow
12:41 Spirit Lodge
14:00 Fortress
14:06 Orc Burrow
15:29 Ziggurat
» items
| Healing Salve | 2 | |
| Rod of Necromancy | 1 | |
| Lesser Clarity Potion | 1 | |
4 total
Chat log
(01:03 / Allies) BeastOfTheEast_: i'll meele
(01:56 / Allies) 810123: ..
(03:40 / Allies) 810123: ?
(03:41 / Allies) 810123: lol
(03:44 / Allies) 810123: no hero
(03:44 / Allies) 810123: :/
(04:39 / Allies) BeastOfTheEast_: play
(07:37 / All) MamasSpecialBoy: raped
(07:41 / All) |c007EBFF1Kev: LOL
(12:46 / Allies) fibrillation: B
(14:44 / All) MamasSpecialBoy: lawl
(14:58 / Allies) BeastOfTheEast_: nj teal
(15:42 / Allies) MamasSpecialBoy: scout expo
(16:39 / Allies) MamasSpecialBoy: scout expo